 Dungeon Crawl Stone Soup version 0.14-a0-1761-gdbd231b (webtiles) character file.

250 Kae the Ruffian (level 4, -2/35 HPs)
             Began as a Draconian Transmuter on Jan 4, 2014.
             Slain by an orc wizard
             ... wielding a -1,+0 orcish dagger
              (4 damage)
             ... on Level 3 of the Dungeon.
             The game lasted 00:03:25 (2831 turns).

Kae the Ruffian (Draconian Transmuter)              Turns: 2831, Time: 00:03:26

HP  -2/35        AC  5     Str 13      XL: 4   Next: 50%
MP   6/7         EV 12     Int 13      God:
Gold 148         SH  0     Dex 12      Spells:  3 memorised,  1 level left

rFire  . . .     SeeInvis .       - Unarmed
rCold  . . .     Clarity  .     (armour unavailable)
rNeg   . . .     Conserve .     (no shield)
rPois  .         rCorr    .     (helmet restricted)
rElec  .         rRot     .     (no cloak)
SustAb . .       Spirit   .     (no gloves)
rMut   .         Warding  .     (boots unavailable)
Saprov . . .     Stasis   .     (no amulet)
                                (no ring)
                                (no ring)

@: appendage (expiring), slightly resistant to hostile enchantments, unstealthy
A: unfitting armour, talons 3, AC +5
a: End Transformation


You were on level 3 of the Dungeon.
You were hungry.
You had grown temporary talons.
You visited 1 branch of the dungeon, and saw 3 of its levels.

You collected 148 gold pieces.

Inventory:

Missiles
 b - 25 arrows
Comestibles
 a - a bread ration
 f - 4 meat rations
 i - 14 grapes
Scrolls
 e - a scroll of enchant weapon II {unknown}
 g - a scroll of teleportation {unknown}
 j - a scroll of random uselessness {unknown}
 k - a scroll of magic mapping {unknown}
 l - a scroll of identify {unknown}
 m - a scroll of noise {unknown}
 o - a scroll of blinking {unknown}
Potions
 c - a potion of confusion
Books
 d - a book of Changes

   Spells                             Type                      Level
   *Beastly Appendage                 Transmutation                1
   *Sticks to Snakes                  Transmutation                2
   *Spider Form                       Transmutation/Poison         3
   Ice Form                           Ice/Transmutation            4
   Blade Hands                        Transmutation                5


   Skills:
 - Level 1.1 Fighting
 - Level 1.7 Dodging
 * Level 4.6 Unarmed Combat
 - Level 2.0 Spellcasting
 + Level 3.2 Transmutations


You had one spell level left.
You knew the following spells:

 Your Spells              Type           Power        Failure   Level  Hunger
a - Beastly Appendage     Trmt           #.....       10%         1    ##.....
b - Sticks to Snakes      Trmt           #.........   12%         2    ###....
c - Spider Form           Trmt/Pois      #.........   38%         3    ####...


Dungeon Overview and Level Annotations

Branches:
Dungeon (3/16)

Altars:

Annotations:
D:2 Sigmund


Innate Abilities, Weirdness & Mutations

Your plain brown scales are hard (AC +5).*
Your body does not fit into most forms of armour.
Your cold-blooded metabolism reacts poorly to cold.
You have claws for feet.*


Message History

You miss it. It hits you.
Casting: Beastly Appendage
Confirm with . or Enter, or press ? or * to list all spells.
Your feet morph into talons.
You hear some strange, mumbled words.
The puff of frost misses you. It hits you.
Your transformation is almost over.
You are feeling hungry.
You closely miss it. Your kick misses it. It hits you but does no damage.
You hear some strange, mumbled words.
A puff of flame appears from out of thin air!
The puff of flame hits you!
* * * LOW HITPOINT WARNING * * *
You miss it.
You hear some strange, mumbled words.
A puff of flame appears from out of thin air!
The puff of flame hits you!
* * * LOW HITPOINT WARNING * * *
You hit it but do no damage. Your kick misses it. It hits you.
You die...

######## ?.......#
### +........# #
.... #........#
##... ....#
#........###o.'....
....#.#........'@%o#
......#........#####
....# ######'###
....# #.## #####
#..## ##..# #####'##
#### ###......# ...#
##.)......#


You could see 2 orcs.

Vanquished Creatures
  2 adders
  A giant mite (D:1)
  2 worms
  5 orcs (D:3)
  2 giant cockroaches (D:1)
  9 goblins
  5 hobgoblins
  10 jackals
  4 kobolds
  A ball python (D:3)
  6 bats
  2 giant geckos
  2 giant newts
  5 rats
56 creatures vanquished.

Notes
Turn   | Place    | Note
--------------------------------------------------------------
     0 | D:1      | Kae, the Draconian Transmuter, began the quest for the Orb.
     0 | D:1      | Reached XP level 1. HP: 16/16 MP: 3/3
   605 | D:1      | Reached XP level 2. HP: 15/23 MP: 2/4
  1130 | D:1      | Reached XP level 3. HP: 23/28 MP: 4/6
  1762 | D:2      | Reached skill level 4 in Unarmed Combat
  2255 | D:2      | Reached XP level 4. HP: 30/35 MP: 7/7
  2339 | D:2      | Noticed Sigmund
  2731 | D:3      | Learned a level 2 spell: Sticks to Snakes
  2735 | D:3      | Learned a level 3 spell: Spider Form
  2830 | D:3      | HP: 1/35 [it/puff of flame (8)]
  2831 | D:3      | Slain by an orc wizard

Action                   |  1- 3 |  4- 6 || total
-------------------------+-------+-------++-------
Melee: Unarmed           |   160 |    88 ||   248
 Cast: Beastly Appendage |    20 |     7 ||    27
  Use: Potion            |       |     3 ||     3
